 Dungeon Crawl Stone Soup version 0.28.0-53-g5a82cb258f (webtiles) character file.

Game seed: 996930294641859119

23 MiltankisOP the Cudgeller (level 2, 19/19 HPs)
             Began as a Gargoyle Fighter on June 14, 2022.
             Was a Follower of Vehumet.
             Quit the game on level 1 of the Dungeon.
             The game lasted 00:01:19 (891 turns).

MiltankisOP the Cudgeller (Gargoyle Fighter)         Turns: 891, Time: 00:01:20

Health: 19/19      AC: 10    Str: 19    XL:     2   Next: 95%
Magic:  2/2        EV:  9    Int:  8    God:    Vehumet [*.....]
Gold:   56         SH:  4    Dex:  9    Spells: 1/1 levels left

rFire   . . .      SeeInvis .   a - +0 flail
rCold   . . .      Faith    .   c - +0 buckler
rNeg    + . .      Spirit   .   b - +0 scale mail
rPois   ∞          Reflect  .   (no helmet)
rElec   +          Harm     .   (no cloak)
rCorr   .          Rampage  .   (no gloves)
Will    .....                   g - +0 pair of boots
Stlth   ..........              (no amulet)
HPRegen 0.06/turn               (no ring)
MPRegen 0.08/turn               (no ring)

@: no status effects
A: sickness immunity, AC +2, negative energy resistance 1, electricity
resistance, torment resistance 1, petrification resistance
a: Renounce Religion


You were on level 1 of the Dungeon.
You worshipped Vehumet.
Vehumet was aware of your devotion.
You visited 1 branch of the dungeon, and saw 1 of its levels.

You collected 56 gold pieces.

Inventory:

Hand Weapons
 a - a +0 flail (weapon)
Armour
 b - a +0 scale mail (worn)
 c - a +0 buckler (worn)
 g - a +0 pair of boots (worn)
Scrolls
 e - a scroll of fear {unknown}
 f - 3 scrolls of identify {unknown}
 h - a scroll of immolation {unknown}
 j - a scroll of magic mapping {unknown}
Potions
 d - a potion of might
 i - a potion of attraction {unknown}
 k - a potion of heal wounds {unknown}
 l - a potion of curing {unknown}
 m - a potion of cancellation {unknown}


   Skills:
 - Level 3.2 Fighting
 + Level 3.3 Maces & Flails
 - Level 3.2 Armour
 - Level 3.2 Shields


You had one spell level left.
You didn't know any spells.
Your spell library was empty.

Dungeon Overview and Level Annotations

Branches:
Dungeon (1/15)

Altars:
Vehumet


Innate Abilities, Weirdness & Mutations

You are immune to sickness and miasma.
Your stone body is resilient. (AC +2)
You are immune to poison.
You resist negative energy. (rN+)
You are resistant to electric shocks. (rElec)
You are resistant to unholy torment.
You are immune to petrification.


Message History

No target in view!
No target in view!
No target in view!
No target in view!
You see here a hobgoblin corpse.
You see here a hobgoblin corpse.
You see here 21 stones.
You see here 21 stones.
There is an open door here.
Found a stone staircase leading down.
No target in view!
There is a stone staircase leading down here.
Found 10 sling bullets.
You see here 10 sling bullets.
A quokka comes into view.
A quokka is nearby!
You miss the quokka. You block the quokka's attack. x2
You closely miss the quokka. The quokka barely misses you. x2
You closely miss the quokka.
The quokka bites you but does no damage.
You sock the quokka!
You kill the quokka!
Vehumet accepts your kill.
No target in view!
No target in view!
No target in view!
No target in view!
No target in view!
No target in view!
No target in view!
You see here a quokka corpse.
You now have 56 gold pieces (gained 13).
You enter the shallow water.
Moving in this stuff is going to be slow.
You enter the shallow water.
Moving in this stuff is going to be slow.
You see here 10 sling bullets.
Done exploring.
Done exploring.
Are you sure you want to abandon this character and quit the game? (Confirm with "yes".)

P≈≈≈......[.........# ###########
≈≈≈≈...♣..##'##....#####≈≈≈≈≈≈≈≈≈
≈≈≈≈...P♣.##.##..................
≈P≈≈..≈≈♣♣.#.##.....####≈≈≈≈≈≈≈≈≈
≈P≈....≈P♣.#.##.....# ##########
≈≈≈≈...≈≈♣♣#.##.....#
≈P♣≈..≈≈≈♣♣..##.....#
≈≈≈...≈≈♣♣♣..##....##
≈≈....P≈≈♣♣..##.@..#
≈≈≈..≈P≈P♣♣.>##.####
≈≈≈...≈≈≈♣##.##.#
≈≈.≈.P≈♣♣###.##.#
#♣♣..P♣≈.(......#
#...≈≈..######## #...♣♣.##
#...†..# ##...###


There were no monsters in sight!

Vanquished Creatures
  A dart slug (D:1)
  2 ball pythons (D:1)
  2 bats (D:1)
  An endoplasm (D:1)
  3 hobgoblins (D:1)
  3 quokkas (D:1)
  2 frilled lizards (D:1)
  2 kobolds (D:1)
  5 rats (D:1)
21 creatures vanquished.

Notes
Turn   | Place    | Note
-------+----------+-------------------------------------------
     0 | D:1      | MiltankisOP the Gargoyle Fighter began the quest for the
                  | Orb.
     0 | D:1      | Reached XP level 1. HP: 14/14 MP: 1/1
    88 | D:1      | Reached XP level 2. HP: 5/19 MP: 2/2
   741 | D:1      | Found a faded altar of an unknown god.
   755 | D:1      | Prayed at the altar of an unknown god.
   755 | D:1      | Became a worshipper of Vehumet
   755 | D:1      | Reached * piety under Vehumet
   755 | D:1      | Offered knowledge of Freeze by Vehumet.
   891 | D:1      | Quit the game

Illustrated notes

Levels and vault maps discovered:
D:1:      lightli_arrival_isolated_outpost, layout_basic,
          chequers_ecumenical_altar_simple, serial_bayou_ford_a,
          minmay_misc_feat_hallway, amcnicky_mini_rare_corridor_liquid

Skill      XL: |  1  2 |
---------------+-------+-----
Maces & Flails | 3 |  3.3
Fighting       | |  3.2
Armour         | |  3.2
Shields        | |  3.2

Action                   || total
-------------------------++-------
Melee: Flail             ||    73
Armor: Scale mail        ||    46
Dodge: Dodged            ||    41
Block: Buckler           ||    14
